 Dungeon Sprint DCSS version 0.31-a0-1074-g0b22e4e0f1 (webtiles) character file.

Game seed: 15571529555611135113

14224 tbh1313 the Bludgeoner (level 12, -9/225 HPs)
             Began as an Ogre Berserker on Nov 28, 2023.
             Was the Champion of Trog.
             Mangled by a fire giant
             ... wielding a +1 great sword of flaming
              (20 damage)
             ... in the Dungeon (Sprint I: "Red Sonja").
             The game lasted 00:14:46 (2770 turns).

tbh1313 the Bludgeoner (Ogre Berserker)             Turns: 2770, Time: 00:14:47

Health: -9/225     AC:  7    Str: 33    XL:     12   Next: 14%
Magic:  12/12      EV: 14    Int:  8    God:    Trog [******]
Gold:   1850       SH:  0    Dex: 11    Spells: 11/11 levels left

rFire   . . .        a - +8 giant club (heavy)
rCold   + . .        (shield currently unavailable)
rNeg    . . .        n - +2 robe "Atzap" {rC+ Regen+ Str+5 Dex+3}
rPois   .            t - +2 hat
rElec   .            (no cloak)
rCorr   .            (gloves unavailable)
SInv    .            (boots unavailable)
Will    +++..        (no amulet) Stlth
                     (no ring)
HPRegen 2.37/turn    (no ring)
MPRegen 0.13/turn

%: no teleportation
@: berserking, strong-willed, regenerating, hasted, invisible, very quick
A: large, unfitting armour, tough skin 1
a: Renounce Religion, Berserk, Trog's Hand, Brothers in Arms


You were in the Dungeon.
You worshipped Trog.
Trog was exalted by your worship.
You visited 1 branch You collected 2729 gold pieces.
You spent 879 gold pieces at shops.

Inventory:

Hand Weapons
 a - a +8 heavy giant club (weapon)
 b - a +0 giant club of protection
 j - a +8 great mace of flaming
 o - a +0 mace
 v - a +5 giant spiked club of flaming
Missiles
 u - 4 curare-tipped darts
Armour
 n - the +2 robe "Atzap" (worn) {rC+ Regen+ Str+5 Dex+3}
   (You bought it in a shop in the Dungeon)

   Str+5:     It affects your strength (+5).
   Dex+3:     It affects your dexterity (+3).
   rC+:       It protects you from cold.
   Regen+:    It increases your rate of health regeneration.
 r - the +1 ice dragon scales of Abenur {rPois rF- rC++}
   (You found it in the Dungeon)

   rF-:       It makes you vulnerable to fire.
   rC++:      It greatly protects you from cold.
   rPois:     It protects you from poison
 t - a +2 hat (worn)
Wands
 i - a wand of charming (16)
Scrolls
 q - a scroll of immolation {unknown}
 s - a scroll of torment {unknown}
Potions
 c - 5 potions of curing
 f - 2 potions of magic
 g - a potion of berserk rage
 k - a potion of enlightenment
 m - 3 potions of lignification {unknown}
 p - 2 potions of attraction {unknown}


   Skills:
 - Level 18.0 Fighting
 + Level 19.0 Maces & Flails
 - Level 8.0 Armour
 + Level 14.0 Dodging


You had 11 spell levels left.
You didn't know any spells.
Your spell library was empty.

Dungeon Overview and Level Annotations

Branches:
Dungeon (1/1)

Altars:
Cheibriados
Dithmenos
Elyvilon
Fedhas
Gozag
Hepliaklqana
Kikubaaqudgha
Makhleb
Nemelex Xobeh
Okawaru
Qazlal
Ru
Sif Muna
Trog
Uskayaw
Vehumet
Wu Jian
Xom
Yredelemnul
Zin
The Shining One
Jiyva
Lugonu

Shops:
D **[*****?*[[*:[:


Innate Abilities, Weirdness & Mutations

You are too large for most types of armour.
You have tough skin. (AC +1)


Message History

There is an open door, spattered with blood here.
Things that are here:
a +0 great sword of flaming; a +1 great sword of flaming; a fire giant corpse The fire giant shouts!
Found 27 gold pieces.
The fire giant shouts!
The fire giant points at you and mumbles some strange words.
The fireball explodes!
The fireball engulfs you!
The fire giant gestures at you while chanting.
The fireball explodes!
The fireball engulfs you!!!
The fire giant gestures at you while chanting.
The fireball explodes!
The fireball engulfs you!!
The fire giant points at you and mumbles some strange words.
The bolt of fire hits the fire giant.
The fire giant resists.
The bolt of fire hits you!!! The fire giant casts a spell at you.
The bolt of fire hits you!!!
* * * LOW HITPOINT WARNING * * *
There is an open door, spattered with blood here.
Things that are here:
a +0 great sword of flaming; a +1 great sword of flaming; a fire giant corpse You close the door, pushing everything out of the way.
Blink to where?
Press: ? - help, Dir - move target
As you read the scroll of blinking, it crumbles to dust.
You feel much better.
You feel yourself speed up.
You fade into invisibility!
Your skin crawls.
You feel strong-willed.
The fire giant points at you and mumbles some strange words.
The bolt of fire hits you!!!
* * * LOW HITPOINT WARNING * * *
A red film seems to cover your vision as you go berserk!
You feel yourself moving faster!
You feel mighty!
You feel a strong urge to attack something.
You beat the fire giant like a drum!!!!
The fire giant is almost dead.
The fire giant hits you with a +1 great sword of flaming!!
You die...

##)§'§#'#.###'#:(.##,,*,,,,,*,,,*
##+####...#y#.##...#,,**,,,,*,∩,*
#..)○.#...###..###.#,,~***+**,,,*
#.○.○.'.....##.#A#.#,,~,,*,****+*
###...#.....#..###.#,,~,**+*,,,,*
'.#.☼.###++##.##...#,,~**,,,,,,,,
#.#.°###..###..#+###,,~*,,,,,,,,,
#.#.°####..###...#,~,,**,,,,,,,,,
#.##'#○.#..#.###@#,~,,*,,,,,,,,,,
#§##.#.°.......#C#**,,*,,,,,,,,,,
'.####.........#C#,+,,**,,,,,,,,,
#.#.['.°....####'#,**'**,,,,,,,,,
#.#####°..###..))#,*~~~**,,,,,,,,
§.#)[?#####C..####^*~~~~**,,,,,,*
###(......C.###,,,,*~~~~~********
#$(?....#####,,,,****~~~~*~~~~~*,
#=(....##...,^,,,*,,*'~~~'~~,~~',


You could see 2 fire giants.

Levels and vault maps discovered:
D:        dungeon_sprint_1 [red_sonja_temple_1, red_sonja_temple_small_1]

Notes
Turn   | Place    | Note
-------+----------+-------------------------------------------
     0 | D        | tbh1313 the Ogre Berserker began the quest for the Orb.
     0 | D        | Reached XP level 1. HP: 24/24 MP: 1/1
     1 | D        | Noticed Ijyb
    18 | D        | Killed Ijyb
    19 | D        | Reached skill level 5 in Maces & Flails
    19 | D        | Reached XP level 2. HP: 25/32 MP: 2/2
    19 | D        | Reached XP level 3. HP: 31/39 MP: 3/3
    85 | D        | Noticed an ogre
    89 | D        | Killed an ogre
    90 | D        | Reached skill level 8 in Maces & Flails
    90 | D        | Reached XP level 4. HP: 48/48 MP: 4/4
   139 | D        | Noticed Sigmund
   161 | D        | Killed Sigmund
   161 | D        | Reached ** piety under Trog
   162 | D        | Reached skill level 11 in Maces & Flails
   162 | D        | Reached XP level 5. HP: 27/54 MP: 5/5
   162 | D        | Reached XP level 6. HP: 31/62 MP: 6/6
   258 | D        | Found an ornate altar of the Wu Jian Council.
   258 | D        | Found a shimmering blue altar of Sif Muna.
   260 | D        | Found a radiant altar of Vehumet.
   266 | D        | Reached skill level 12 in Maces & Flails
   414 | D        | Found Quorhi's Assorted Antiques.
   414 | D        | Found an ancient bone altar of Kikubaaqudgha.
   414 | D        | Found a hazy altar of Hepliaklqana.
   414 | D        | Found a stormy altar of Qazlal.
   414 | D        | Found a hide-covered altar of Uskayaw.
   414 | D        | Found a blossoming altar of Fedhas.
   414 | D        | Found a bloodstained altar of Trog.
   414 | D        | Found an iron altar of Okawaru.
   414 | D        | Found a basalt altar of Yredelemnul.
   414 | D        | Found a glowing golden altar of the Shining One.
   414 | D        | Found a snail-covered altar of Cheibriados.
   414 | D        | Found a sacrificial altar of Ru.
   414 | D        | Found a glowing silver altar of Zin.
   414 | D        | Found a shadowy altar of Dithmenos.
   414 | D        | Found a white marble altar of Elyvilon.
   414 | D        | Noticed a yak
   417 | D        | Killed a yak
   418 | D        | Reached skill level 13 in Maces & Flails
   418 | D        | Reached XP level 7. HP: 69/70 MP: 7/7
   418 | D        | Found an opulent altar of Gozag.
   419 | D        | Found a sparkling altar of Nemelex Xobeh.
   423 | D        | Bought a dark potion for 17 gold pieces
   423 | D        | Bought a fizzy grey potion for 17 gold pieces
   423 | D        | Bought a scroll labelled WAUTO WASIWELO for 19 gold pieces
   423 | D        | Bought a scroll labelled WAUTO WASIWELO for 19 gold pieces
   436 | D        | Found a burning altar of Makhleb.
   436 | D        | Found a viscous altar of Jiyva.
   436 | D        | Found a shimmering altar of Xom.
   436 | D        | Found a corrupted altar of Lugonu.
   436 | D        | Noticed a slime creature
   442 | D        | Killed a slime creature
   443 | D        | Reached skill level 14 in Maces & Flails
   585 | D        | Noticed a kobold demonologist
   585 | D        | Noticed a glass eye
   585 | D        | Noticed a kobold demonologist
   586 | D        | Noticed a red devil
   589 | D        | Noticed a rust devil
   590 | D        | Killed a glass eye
   590 | D        | Reached *** piety under Trog
   592 | D        | Noticed a neqoxec
   593 | D        | Noticed a smoke demon
   594 | D        | Killed a kobold demonologist
   595 | D        | Reached skill level 5 in Dodging
   595 | D        | Reached XP level 8. HP: 61/87 MP: 8/8
   602 | D        | Killed a kobold demonologist
   602 | D        | Reached **** piety under Trog
   603 | D        | Reached skill level 15 in Maces & Flails
   778 | D        | Noticed a centaur warrior
   778 | D        | Noticed a centaur warrior
   786 | D        | Killed a centaur warrior
   787 | D        | Reached skill level 10 in Fighting
   787 | D        | Reached skill level 16 in Maces & Flails
   787 | D        | Reached XP level 9. HP: 69/101 MP: 9/9
   807 | D        | Killed a centaur warrior
   808 | D        | Reached skill level 17 in Maces & Flails
   894 | D        | Noticed a hornet
   898 | D        | Killed a hornet
   964 | D        | Noticed a deep troll
   967 | D        | Killed a deep troll
   968 | D        | Reached skill level 18 in Maces & Flails
  1012 | D        | Found Biraim's Armour Emporium.
  1031 | D        | Noticed an oklob plant
  1034 | D        | Killed an oklob plant
  1035 | D        | Reached XP level 10. HP: 111/111 MP: 10/10
  1046 | D        | Reached ***** piety under Trog
  1069 | D        | Bought the +2 robe "Atzap" {rC+ Regen+ Str+5 Dex+3} for 581
                  | gold pieces
  1117 | D        | Killed an unseen horror
  1130 | D        | Killed an unseen horror
  1212 | D        | Received a gift from Trog
  1311 | D        | Reached ****** piety under Trog
  1313 | D        | Received a gift from Trog
  1377 | D        | Identified the +1 ice dragon scales of Abenur {rPois rF-
                  | rC++}
  1384 | D        | Identified the +1 arbalest of the Distant Future {heavy,
                  | Dex+5}
  1387 | D        | Found Gahum's Armour Shoppe.
  1387 | D        | Found Curup's Assorted Antiques.
  1387 | D        | Found Xicruk Juni's General Store.
  1389 | D        | Found Virawn's General Store.
  1389 | D        | Found Zaumoso's General Store.
  1389 | D        | Found Jocwej's General Store.
  1389 | D        | Found Buda Bux's Assorted Antiques.
  1389 | D        | Found Koojis's Magic Scroll Emporium.
  1389 | D        | Found Bempatru's General Store.
  1389 | D        | Found Fekhon's Antique Armour Shoppe.
  1391 | D        | Bought a fizzy grey potion for 16 gold pieces
  1391 | D        | Bought a scroll labelled BYINTYNT DIESA for 18 gold pieces
  1393 | D        | Bought a +2 hat for 192 gold pieces
  1409 | D        | Found Hitz's Armour Boutique.
  1410 | D        | Found Wyiladoa's Book Emporium.
  1410 | D        | Found Vehogyqo's Assorted Antiques.
  1411 | D        | Found Baen's Book Emporium.
  1463 | D        | Noticed a demonic crawler
  1463 | D        | Noticed a demonic crawler
  1463 | D        | Noticed a demonic crawler
  1463 | D        | Noticed a demonic crawler
  1466 | D        | Killed a demonic crawler
  1467 | D        | Reached skill level 15 in Fighting
  1469 | D        | Killed a demonic crawler
  1471 | D        | Killed a demonic crawler
  1472 | D        | Reached XP level 11. HP: 139/139 MP: 11/11
  1473 | D        | Killed a demonic crawler
  1474 | D        | Reached skill level 10 in Dodging
  1500 | D        | Received a gift from Trog
  1512 | D        | Noticed a lindwurm
  1514 | D        | Killed a lindwurm
  1573 | D        | Received a gift from Trog
  1578 | D        | Reached skill level 5 in Armour
  1667 | D        | Noticed Sonja
  1672 | D        | Killed Sonja
  1760 | D        | Noticed a lorocyproca
  1760 | D        | Noticed a fire giant
  1760 | D        | Noticed a fire giant
  1760 | D        | Noticed a fire giant
  1781 | D        | Killed a lorocyproca
  2048 | D        | Noticed a daeva
  2064 | D        | Received a gift from Trog
  2715 | D        | Killed a fire giant
  2716 | D        | Reached XP level 12. HP: 135/150 MP: 12/12
  2723 | D        | Noticed a fire giant
  2727 | D        | Killed a fire giant
  2728 | D        | Reached skill level 19 in Maces & Flails
  2758 | D        | HP: 7/150 [fire giant/bolt of fire (43)]
  2767 | D        | HP: 4/150 [fire giant/bolt of fire (44)]
  2770 | D        | Mangled by a fire giant

Table legend: (Time is in decaauts)
 A = Elapsed time spent in this place.
 B = Non-inter-level travel time spent in this place.
 C = Inter-level travel time spent in this place.
 D = Time resting spent in this place.
 E = Time spent auto-exploring this place.
 F = Levels seen in this place.
 G = Mean time per level.
                   A        B        C        D        E       F      G
               +--------+--------+--------+--------+--------+-----+--------+
         Total |   2834 |   2719 |    115 |   1786 |      1 |   1 | 2834.0 |
       Dungeon |   2834 |   2719 |    115 |   1786 |      1 |   1 | 2834.0 |
               +--------+--------+--------+--------+--------+-----+--------+

Top non-repeatable levels by time:
       D: 2834 daAuts

Table legend:
 A = Kills in this place as a percentage of kills in the entire game.
 B = Kills by you in this place as a percentage of kills by you in the entire game.
 C = Kills by friends in this place as a percentage of kills by friends in the entire game.
 D = Other kills in this place as a percentage of other kills in the entire game.
 E = Experience gained in this place as a percentage of experience gained in the entire game.
 F = Experience gained in this place divided by the number of levels of this place that you have seen.
                   A       B       C       D       E      F
               +-------+-------+-------+-------+-------+----------------------
         Total | 100.0 | 100.0 | 100.0 |   N/A | 100.0 | 20321.0
       Dungeon | 100.0 | 100.0 | 100.0 |   N/A | 100.0 | 20321.0
               +-------+-------+-------+-------+-------+----------------------

Action                     |  1- 3 |  4- 6 |  7- 9 | 10-12 || total
---------------------------+-------+-------+-------+-------++-------
  Melee: Mace              |    12 |     7 |       |       ||    19
         Giant club        |       |    19 |    31 |   119 ||   169
         Punch             |       |     1 |       |       ||     1
 Invoke: Berserk           |     2 |     1 |     4 |     3 ||    10
         Trog's Hand       |       |       |       |     4 ||     4
         Brothers in Arms  |       |       |       |     2 ||     2
    Use: Scroll            |       |       |     3 |     2 ||     5
         Potion            |       |       |       |     3 ||     3
 Armour: Animal skin       |     8 |    13 |    24 |     3 ||    48
         Robe              |       |       |       |    44 ||    44
         Ice dragon scales |       |       |       |    63 ||    63
  Dodge: Dodged            |     7 |     3 |    13 |    43 ||    66

Vanquished Creatures
  2 fire giants (D)
  A lorocyproca (D)
  2 centaur warriors (D)
  3 demonic crawlers (D)
  A lindwurm (D)
  A deep troll (D)
  An oklob plant (D)
  A gargoyle (D)
  7 unseen horrors (D)
  2 kobold demonologists (D)
  A hornet (D)
  Sigmund (D)
  2 glass eyes (D)
  A slime creature (D)
  A yak (D)
  13 hogs (D)
  2 redbacks (D)
  An ogre (D)
  7 necrophages (D)
  8 jellies (D)
  Ijyb (D)
59 creatures vanquished.

Vanquished Creatures (collateral kills)
  A demonic crawler (D)
  Sonja (D)
2 creatures vanquished.

Vanquished Creatures (others)
  2 ballistomycete spores (D)
2 creatures vanquished.

Grand Total: 63 creatures vanquished
